 Dungeon Crawl Stone Soup version 0.28-a0-503-g83f2989fac (webtiles) character file.

Game seed: 914406651161664006

114 Tocho the Cutter (level 4, -2/33 HPs)
             Began as a Vampire Gladiator on Sept 20, 2021.
             Slain by a black bear (5 damage)
             ... on level 5 of the Dungeon.
             The game lasted 00:04:01 (1349 turns).

Tocho the Cutter (Vampire Gladiator)                Turns: 1349, Time: 00:04:01

Health: -2/33      AC:  5    Str: 13    XL:     4   Next: 66%
Magic:  4/4        EV: 13    Int: 11    God:
Gold:   84         SH:  0    Dex: 15    Spells: 3/3 levels left

rFire   . . .      SeeInvis +   a - +0 rapier
rCold   . . .      Faith    .   (no shield)
rNeg    . . .      Spirit   .   b - +0 leather armour
rPois   .          Reflect  .   f - +1 helmet
rElec   .          Harm     .   (no cloak)
rCorr   .          Rampage  .   (no gloves)
Will    .....                   (no boots)
Stlth   +.........              (no amulet)
HPRegen 0.31/turn               (no ring)
MPRegen 0.09/turn               (no ring)

@: healing quickly
A: alive, fangs 3, see invisible, vampiric 2
a: Exsanguinate


You were on level 5 of the Dungeon.
You visited 1 branch of the dungeon, and saw 4 of its levels.

You collected 84 gold pieces.

Inventory:

Hand Weapons
 a - a +0 rapier (weapon)
Missiles
 d - a throwing net (quivered)
 g - 11 poisoned darts
Armour
 b - a +0 leather armour (worn)
 c - a +0 helmet
 f - a +1 helmet (worn)
Scrolls
 e - 2 scrolls of enchant armour {unknown}
 i - a scroll of blinking {unknown}
Potions
 h - a potion of lignification {unknown}


   Skills:
 + Level 2.0 Fighting
 + Level 4.6 Short Blades
 + Level 2.2 Throwing
 + Level 0.5 Armour
 + Level 4.1 Dodging


You had 3 spell levels left.
You didn't know any spells.
Your spell library contained the following spells:

 Spells                   Type           Power      Damage    Failure   Level
 Shock                    Conj/Air       0%         1d3       41%         1
 Swiftness                Air            0%         N/A       80%         3
 Airstrike                Air            0%         N/A       99%         4
 Olgreb's Toxic Radiance  Pois           0%         N/A       99%         4
 Ozocubu's Refrigeration  Ice            0%         4d5       100%        7
 Ignition                 Fire           0%         3d3       100%        8


Dungeon Overview and Level Annotations

Branches:
Dungeon (5/15)
 Temple: D:4-7

Altars:


Innate Abilities, Weirdness & Mutations

Your natural rate of healing is accelerated.
You have razor-sharp teeth.
You have supernaturally acute eyesight. (SInv)
You are afflicted with vampirism and can become a bat while bloodless.


Message History

The black bear is caught in the net!
The black bear struggles against the net.
You puncture the black bear!
The black bear is moderately wounded.
The black bear struggles against the net.
You hit the black bear.
The black bear is heavily wounded.
The black bear struggles against the net.
You hit the black bear.
The black bear is severely wounded.
The black bear struggles against the net.
The net rips apart, and the black bear comes free!
You closely miss the black bear. Your bite misses the black bear.
The black bear is severely wounded.
The black bear goes berserk!
You puncture the black bear!
The black bear is almost dead.
The black bear bites you but does no damage.
The black bear claws you but does no damage.
The black bear barely misses you. The black bear misses you.
The black bear claws you. The black bear misses you.
You hit the black bear.
The black bear is almost dead.
The black bear closely misses you. The black bear barely misses you.
The black bear closely misses you.
You barely miss the black bear.
The black bear is almost dead.
The black bear bites you.
* * * LOW HITPOINT WARNING * * *
The black bear barely misses you. The black bear claws you.
* * * LOW HITPOINT WARNING * * *
Throw: 2 throwing nets
Press: ? - help, Q - select action, (/) - cycle Shift-Dir - straight line, f/p - black bear
Aim: a black bear (almost dead, berserk, 68% to hit)
You throw a throwing net.
The throwing net barely misses the black bear.
The black bear closely misses you. The black bear claws you.
* * * LOW HITPOINT WARNING * * *
The black bear claws you.
You die...

≈.............#
PP...........(.
P..............
P..............
...............
#..............
........h......
.......@)......
...#...........
#...........
....#........
#.....####.....
##.... #####
##.. ##.


You could see a black bear (berserk).

Vanquished Creatures
  A scorpion (D:4)
  A gnoll (D:5)
  2 adders (D:2)
  A worm (D:2)
  2 dart slugs (D:1)
  2 endoplasms (D:1)
  4 goblins
  2 hobgoblins
  3 ball pythons
  3 kobolds
  6 rats
27 creatures vanquished.

Notes
Turn   | Place    | Note
-------+----------+-------------------------------------------
     0 | D:1      | Tocho the Vampire Gladiator began the quest for the Orb.
     0 | D:1      | Reached XP level 1. HP: 16/16 MP: 1/1
   143 | D:1      | Found a faded altar of an unknown god.
   162 | D:1      | Reached XP level 2. HP: 21/22 MP: 2/2
   770 | D:2      | Gained mutation: You are afflicted with vampirism and can
                  | become a bat while bloodless. [Vampire growth]
   770 | D:2      | Reached XP level 3. HP: 26/27 MP: 3/3
  1090 | D:2      | You fall into a shaft and drop 2 floors!
  1166 | D:4      | Noticed a scorpion
  1172 | D:4      | Killed a scorpion
  1173 | D:4      | Reached XP level 4. HP: 33/33 MP: 4/4
  1332 | D:5      | Entered Level 5 of the Dungeon
  1332 | D:5      | Noticed a black bear
  1349 | D:5      | Slain by a black bear

Illustrated notes

Levels and vault maps discovered:
D:1:      psy_arrival_terrarium, layout_basic,
          hellmonk_ecumenical_altar_zigzags, minmay_misc_feat_encased
D:2:      layout_basic, minmay_pentomino_o2
D:4:      layout_loops_corners, uniq_blork_the_orc
D:5:      layout_cave_pods, serial_shops, shop_statue, nicolae_square_shop,
          shop_statue, shop, kennysheep_little_box, serial_bayou_lagoon_a,
          st_stairs_13

Skill      XL: |  1  2  3 |
---------------+----------+-----
Short Blades   | 4 |  4.6
Dodging        | 4 |  4.1
Fighting       | 2 |  2.0
Throwing       | 2 |  2.2
Armour         | |  0.5

Action                   |  1- 3 |  4- 6 || total
-------------------------+-------+-------++-------
Melee: Rapier            |    67 |    18 ||    85
       Bite              |     7 |     1 ||     8
Throw: Dart              |    27 |     3 ||    30
       Throwing net      |       |     2 ||     2
Armor: Leather armour    |    18 |     6 ||    24
Dodge: Dodged            |    46 |    28 ||    74

Table legend: (Time is in decaauts)
 A = Elapsed time spent in this place.
 B = Non-inter-level travel time spent in this place.
 C = Inter-level travel time spent in this place.
 D = Time resting spent in this place.
 E = Time spent auto-exploring this place.
 F = Levels seen in this place.
 G = Mean time per level.
                   A        B        C        D        E       F      G
               +--------+--------+--------+--------+--------+-----+--------+
         Total |   1345 |   1272 |     73 |      0 |    956 |   4 |  336.2 |
       Dungeon |   1345 |   1272 |     73 |      0 |    956 |   4 |  336.2 |
               +--------+--------+--------+--------+--------+-----+--------+

Top non-repeatable levels by time:
     D:1: 707 daAuts
     D:2: 381 daAuts
     D:4: 240 daAuts
     D:5: 16 daAuts
